AoeStats
← A snickers7606

Arena

509886203Analyzed
1v1 RM · 5d ago on Sep 28, 2026· 32m 45s· 2 players
Game mode
Random Map
Map size
Tiny (2 player)
Population
200
Speed
Normal
Resources
Standard
Victory
Conquest
Starting age
Dark Age
Ending age
Imperial Age
RankedLock teamsTeams togetherTeam positionsShared explorationLock speedFull tech treeHidden civsTurbo modeCheats
Victory
Defeat
🇬🇧 Britons · United Kingdom
289
+19
🇨🇳 Turks · China
351
-19
A snickers7606
20:17 Feudal Age
23:28 Wheelbarrow
22:36 Horse Collar
22:46 Double-Bit Axe
22:59 Gold Mining
23:00 Stone Mining
26:31 Castle Age
25:25 Fletching
25:36 Padded Archer Armor
30:03 Hand Cart
30:28 Gold Shaft Mining
29:52 Bodkin Arrow
30:12 Leather Archer Armor
30:12 Bow Saw
30:06 Heavy Plow
76561199640613672
11:25 Feudal Age
12:03 Double-Bit Axe
12:56 Wheelbarrow
18:27 Castle Age
19:42 Horse Collar
20:43 Bow Saw
24:50 Heavy Plow
25:31 Stone Mining
34:11 Imperial Age
Connection lost

Rejoining the realm…

Still unreachable

The connection could not be restored.

Session expired

The server has moved on; the page needs a fresh start.